 Dungeon Crawl Stone Soup version 0.27-a0-1217-g8a41f320e8 (webtiles) character file.

Game seed: 8295641370445571710

780 gruber the Magician (level 8, -5/50 HPs)
             Began as a Djinni Fire Elementalist on June 5, 2021.
             Slain by a two-headed ogre
             ... wielding a +0 giant club
              (10 damage)
             ... on level 4 of the Dungeon.
             The game lasted 00:06:45 (6016 turns).

gruber the Magician (Djinni Fire Elementalist)      Turns: 6016, Time: 00:06:46

Health: -5/50      AC:  5    Str:  7    XL:     8   Next: 10%
Gold:   180        EV: 12    Int: 19    God:
                   SH:  0    Dex: 14

rFire    + + +     SeeInvis .   h - staff of fire
rCold    . . .     Faith    .   (no shield)
rNeg     . . .     Spirit   .   m - +2 robe {rC+}
rPois    ∞         Reflect  .   o - +0 helmet
rElec    .         Harm     .   (no cloak)
rCorr    .         Rampage  .   (no gloves)
Will     .....                  (boots unavailable)
Stlth    ++........             (no amulet)
HPRegen  0.16/turn              (no ring)
MPRegen  0.00/turn              (no ring)

@: flying
A: sickness immunity, fire resistance 2, cold vulnerability 1, float, innate
caster, hp casting, extra vitality 1
a: no special abilities


You were on level 4 of the Dungeon.
You visited 1 branch of the dungeon, and saw 4 of its levels.

You collected 180 gold pieces.

Inventory:

Hand Weapons
 d - a +2 dagger of venom
Armour
 m - a +2 robe of cold resistance (worn)
 o - a +0 helmet (worn)
Magical Staves
 h - a staff of fire (weapon)
Jewellery
 s - an amulet of magic regeneration
Wands
 r - a wand of digging (6)
 t - a wand of mindburst (7)
Scrolls
 b - 2 scrolls of immolation {unknown}
 f - 3 scrolls of identify {unknown}
 i - a scroll of acquirement {unknown}
 j - a scroll of enchant armour {unknown}
 k - 2 scrolls of vulnerability {unknown}
 n - a scroll of blinking {unknown}
 q - a scroll of magic mapping {unknown}
Potions
 a - a potion of might {unknown}
 c - 2 potions of berserk rage {unknown}
 e - 2 potions of heal wounds {unknown}
 g - 2 potions of lignification {unknown}
 l - a potion of magic {unknown}
 p - a potion of cancellation {unknown}


   Skills:
 - Level 2.1 Dodging
 - Level 1.5 Stealth
 + Level 7.0 Spellcasting


You couldn't memorise any spells.
You knew the following spells:

 Your Spells              Type           Power      Damage    Failure   Level
a - Foxfire               Conj/Fire      100%       2x1d9     1%          1
b - Conjure Flame         Conj/Fire      49%        6-21      1%          3
c - Inner Flame           Hex/Fire       49%        N/A       1%          3
d - Sticky Flame          Conj/Fire      49%        2d7       5%          4
e - Fireball              Conj/Fire      24%        3d11      16%         5
f - Apportation           Tloc           66%        N/A       1%          1
g - Call Imp              Summ           33%        N/A       1%          2
h - Static Discharge      Conj/Air       33%        N/A       1%          2
Your spell library was empty.

Dungeon Overview and Level Annotations

Branches:
Dungeon (4/15)
 Temple: D:4-7

Altars:
Okawaru
Trog

Shops:
D:4 =


Innate Abilities, Weirdness & Mutations

You are immune to sickness and miasma.
You are immune to poison.
Your flesh is very heat resistant. (rF++)
You are vulnerable to cold. (rC-)
You float through the air rather than walking.
You learn spells naturally, not from books.
Your magical power is your life essence.
You have superior vitality. (+4 HP)


Message History

You see here a jackal corpse.
Found 26 stones.
A dart slug comes into view.
A dart slug is nearby!
A dart slug is nearby!
You feel a surge of power!
You conjure some foxfire!
You feel a surge of power!
You conjure some foxfire!
You feel a surge of power!
You conjure some foxfire!
The foxfire hits the dart slug.
The dart slug is moderately wounded.
The foxfire hits the dart slug!
You kill the dart slug!
Your Spellcasting skill increases to level 7!
You feel a surge of power!
You conjure some foxfire!
You feel a surge of power!
You conjure some foxfire!
Your foxfire dissipates! x2
Your foxfire dissipates! x3
Your foxfire dissipates!
You see here a dart slug corpse.
A two-headed ogre comes into view.
It is wielding a +0 giant club and a +0 giant spiked club.
The two-headed ogre shouts in stereo!
A two-headed ogre is nearby!
A two-headed ogre is nearby!
Casting: Foxfire (safe; 1% risk of failure)
Confirm with . or Enter, or press ? or * to list all spells.
Okay, then.
Casting: Foxfire (safe; 1% risk of failure)
Confirm with . or Enter, or press ? or * to list all spells.
You feel a surge of power!
The fire begins to smoulder!
The two-headed ogre hits you with a +0 giant club.
The two-headed ogre barely misses you.
You smother the flame.
Casting: Conjure Flame (safe; 1% risk of failure)
Confirm with . or Enter, or press ? or * to list all spells.
You feel a surge of power!
The fire begins to smoulder!
The two-headed ogre hits you with a +0 giant club!
The two-headed ogre hits you with a +0 giant spiked club!!
* * * LOW HITPOINT WARNING * * *
The two-headed ogre smothers the flame.
The two-headed ogre hits you with a +0 giant club!
You die...

#.## #........ #......###.
#.####...... ## #.<..##..
#........# .....#
##....†.. . #.....##
....###....##.. ##.
#..##..# #....#.....####
#.###.####.####..........#
# #.##..#
##.##.....(###..## #
#.##.## #O#......# ##..###
##...# #.@......######..##
###.# ###...........##....
#.#####.........#......(##
##..##..........#####...##
#.......#.......# ###.#
#.####.###.......# ##.# ##
#..#........## ##..##
##....###....# ##...>#
##...## #....###.....##


You could see a two-headed ogre.

Vanquished Creatures
  Grinder (D:4)
  A steam dragon (D:4)
  An ogre (D:4)
  A hound (D:3)
  Jessica (D:3)
  Terence (D:2)
  A gnoll (D:4)
  5 adders
  5 worms
  4 dart slugs
  5 orcs
  9 bats
  10 endoplasms
  2 giant cockroaches (D:1)
  3 goblins
  10 hobgoblins
  16 jackals
  2 quokkas
  7 ball pythons
  A frilled lizard (D:2)
  8 kobolds
  4 rats
98 creatures vanquished.

Vanquished Creatures (collateral kills)
  Sigmund (D:2)
1 creature vanquished.

Vanquished Creatures (others)
  593 foxfires
593 creatures vanquished.

Grand Total: 692 creatures vanquished

Notes
Turn   | Place    | Note
-------+----------+-------------------------------------------
     0 | D:1      | gruber the Djinni Fire Elementalist began the quest for the
                  | Orb.
     0 | D:1      | Reached XP level 1. HP: 15/15 MP: 0/0
   446 | D:1      | Reached XP level 2. HP: 17/21 MP: 0/0
   752 | D:1      | Reached skill level 3 in Spellcasting
  1023 | D:1      | Reached XP level 3. HP: 18/25 MP: 0/0
  1023 | D:1      | Learned a level 1 spell: Apportation
  2226 | D:2      | Reached XP level 4. HP: 28/31 MP: 0/0
  2581 | D:2      | Noticed Sigmund
  2735 | D:2      | Found a faded altar of an unknown god.
  2757 | D:2      | Noticed Terence
  2762 | D:2      | Killed Terence
  2763 | D:2      | Reached skill level 4 in Spellcasting
  2763 | D:2      | Reached XP level 5. HP: 30/35 MP: 0/0
  2763 | D:2      | Learned a level 2 spell: Call Imp
  3154 | D:2      | Killed Sigmund
  3155 | D:2      | Reached skill level 5 in Spellcasting
  3155 | D:2      | Reached XP level 6. HP: 24/40 MP: 0/0
  3357 | D:3      | Noticed Jessica
  3363 | D:3      | Killed Jessica
  4688 | D:4      | Reached XP level 7. HP: 42/45 MP: 0/0
  4688 | D:4      | Learned a level 2 spell: Static Discharge
  4957 | D:4      | Noticed a steam dragon
  4964 | D:4      | Killed a steam dragon
  4965 | D:4      | Reached skill level 6 in Spellcasting
  5278 | D:4      | Noticed Grinder
  5291 | D:4      | Killed Grinder
  5443 | D:4      | Found Tixokhi's Jewellery Emporium.
  5475 | D:4      | Reached XP level 8. HP: 46/50 MP: 0/0
  5769 | D:4      | Found an iron altar of Okawaru.
  5769 | D:4      | Found a bloodstained altar of Trog.
  5920 | D:4      | Reached skill level 7 in Spellcasting
  5999 | D:4      | Noticed a two-headed ogre
  6016 | D:4      | Slain by a two-headed ogre

Illustrated notes

Levels and vault maps discovered:
D:1:      dpeg_arrival_simpleton_b, layout_basic, minmay_splitting_lines
D:2:      layout_rooms, hellmonk_ecumenical_altar_run_dry, uniq_sigmund,
          uniq_terence
D:3:      layout_basic, serial_curves, eino_curves_01, eino_curves_03,
          minmay_crystal_water, hangedman_decor_opposing, uniq_jessica
D:4:      layout_layer_cave, grunt_temple_overflow_bloody_war, serial_shops,
          shop, grunt_ministairs_8, uniq_grinder

Skill      XL: |  1  2  3  4  5  6  7  8 |
---------------+-------------------------+-----
Spellcasting   | 3 4 5 6 7 |  7.0
Dodging        | |  2.1
Stealth        | |  1.5

Action                   |  1- 3 |  4- 6 |  7- 9 || total
-------------------------+-------+-------+-------++-------
Melee: Dagger            |     5 |       |       ||     5
 Cast: Foxfire           |   107 |   166 |    86 ||   359
       Call Imp          |       |     3 |     3 ||     6
       Conjure Flame     |       |       |     2 ||     2
Armor: Robe              |     1 |     3 |       ||     4
Dodge: Dodged            |     6 |     7 |     2 ||    15

Table legend: (Time is in decaauts)
 A = Elapsed time spent in this place.
 B = Non-inter-level travel time spent in this place.
 C = Inter-level travel time spent in this place.
 D = Time resting spent in this place.
 E = Time spent auto-exploring this place.
 F = Levels seen in this place.
 G = Mean time per level.
                   A        B        C        D        E       F      G
               +--------+--------+--------+--------+--------+-----+--------+
         Total |   6014 |   5955 |     59 |      0 |   5339 |   4 | 1503.5 |
       Dungeon |   6014 |   5955 |     59 |      0 |   5339 |   4 | 1503.5 |
               +--------+--------+--------+--------+--------+-----+--------+

Top non-repeatable levels by time:
     D:1: 1822 daAuts
     D:2: 1486 daAuts
     D:4: 1419 daAuts
     D:3: 1285 daAuts
